 Dungeon Crawl Stone Soup version 0.20.0-4-g10b340a (webtiles) character file.

488 Gorglomux the Fighter (level 7, -6/69 HPs)
             Began as a Hill Orc Conjurer on May 27, 2017.
             Killed by divine providence
             ... invoked by an orc priest
              (12 damage)
             ... on level 4 of the Dungeon.
             The game lasted 00:08:12 (5606 turns).

Gorglomux the Fighter (Hill Orc Conjurer)           Turns: 5606, Time: 00:08:13

Health: -6/69      AC:  3    Str: 13    XL:     7   Next: 13%
Magic:  9/9        EV: 11    Int: 15    God:
Gold:   193        SH:  0    Dex: 11    Spells: 6/9 levels left

rFire    . . .     SeeInvis .   g - +0 whip (curse)
rCold    . . .     Gourm    .   (no shield)
rNeg     . . .     Faith    .   W - +0 leather armour
rPois    .         Spirit   .   (no helmet)
rElec    .         Reflect  .   (no cloak)
rCorr    .         Harm     .   (no gloves)
MR       .....                  (no boots)
Stlth    +.........             (no amulet)
Regen    0.3/turn               (no ring)
MPRegen  0.2/turn               (no ring)

@: no status effects
A: no striking features
a: Convert to Beogh


You were on level 4 of the Dungeon.
You were not hungry.

You visited 1 branch of the dungeon, and saw 4 of its levels.

You collected 193 gold pieces.

Inventory:

Hand Weapons
 g - a cursed +0 whip (weapon)
 m - a +1 hand axe of flaming
Armour
 a - a +1 robe
 W - a +0 leather armour (worn)
Jewellery
 V - an uncursed ring of poison resistance {unknown}
Wands
 I - a wand of iceblast (0/15)
Scrolls
 T - 5 scrolls of teleportation
Potions
 i - a potion of lignification
 r - a potion of resistance {unknown}
 Q - 4 potions of curing
 S - a potion of agility {unknown}
 X - a potion of invisibility {unknown}
Books
 b - a book of Conjurations

   Spells                             Type                      Level
   a - Magic Dart                     Conjuration                  1
   b - Searing Ray                    Conjuration                  2
   c - Dazzling Spray                 Conjuration/Hexes            3
   d - Fulminant Prism                Conjuration/Hexes            4
   e - Force Lance                    Conjuration/Translocation    4
   f - Iskenderun's Mystic Blast      Conjuration                  4
Comestibles
 c - 3 bread rations
 f - 3 royal jellies


   Skills:
 + Level 8.6 Fighting
 - Level 1.5 Dodging
 - Level 1.5 Stealth
 - Level 1.5 Spellcasting
 - Level 4.0 Conjurations


You had 6 spell levels left.
You knew the following spells:

 Your Spells              Type           Power        Failure   Level  Hunger
a - Magic Dart            Conj           ##..         6%          1    ##.....
b - Searing Ray           Conj           ##....       9%          2    ###....


Dungeon Overview and Level Annotations

Branches:
Dungeon (4/15)
 Temple: D:4-7

Altars:

Annotations:
D:4 Eustachio


Message History

The orc completely misses you. The orc hits you with a club.
The orc priest invokes the aid of Beogh against you.
Beogh smites you! The orc hits you but does no damage.
You barely miss the orc priest.
The orc priest is heavily wounded.
The orc closely misses you.
The orc priest shouts, "Surrender to Beogh and we'll let you live!"
The orc priest hits you with a club.
* * * LOW HITPOINT WARNING * * *
The orc hits you with a club.
* * * LOW HITPOINT WARNING * * *
The orc hits you with a club.
* * * LOW HITPOINT WARNING * * *
The orc priest calls down the wrath of Beogh upon you.
Beogh smites you!
* * * LOW HITPOINT WARNING * * *
The orc misses you.
The orc priest mumbles some strange prayers to Beogh against you.
Beogh smites you!
You die...

.... ...........# .#.# # #
...........
.#.#######.#########..........
...................oo.........
.#......##.......o.#..........
.#.......#####.#.o##..........
.#..(....## #.....#..........
.#........# #..o..#..........
##......#.## #..@..#..........
#......#..# #.....#..........
##......##.#####...#.#.#....##
........##(........#.#.+....+
...............#.#.#.###....#
...............#.............
...............#.#.#.###.....
...########....#........ ..
..# ###..............


You could see an orc priest and 3 orcs.

Vanquished Creatures
  2 ogres
  A water moccasin skeleton (D:2)
  A bullfrog zombie (D:3)
  An orc priest (D:3)
  An orc wizard (D:3)
  A worker ant (D:3)
  A hound skeleton (D:4)
  4 adders
  2 worms
  3 dart slugs
  3 leopard geckos
  9 orcs
  2 ball pythons (D:1)
  4 giant cockroaches
  8 goblins
  8 hobgoblins
  9 jackals
  A quokka (D:3)
  7 bats
  8 frilled lizards
  7 kobolds
  9 rats
92 creatures vanquished.

Notes
Turn   | Place    | Note
-------+----------+-------------------------------------------
     0 | D:1      | Gorglomux the Hill Orc Conjurer began the quest for the Orb.
     0 | D:1      | Reached XP level 1. HP: 14/14 MP: 3/3
    60 | D:1      | Reached skill level 1 in Fighting
   340 | D:1      | Reached XP level 2. HP: 24/24 MP: 1/4
   354 | D:1      | Reached skill level 2 in Fighting
   657 | D:1      | Learned a level 2 spell: Searing Ray
   745 | D:1      | Reached skill level 3 in Fighting
   745 | D:1      | Reached XP level 3. HP: 12/31 MP: 0/5
  1662 | D:2      | Reached skill level 4 in Fighting
  1812 | D:2      | Reached XP level 4. HP: 40/40 MP: 3/6
  2635 | D:3      | Reached skill level 5 in Fighting
  2647 | D:3      | Reached XP level 5. HP: 7/48 MP: 1/7
  2652 | D:3      | HP: 2/48 [orc/dagger (3)]
  3670 | D:3      | Reached skill level 6 in Fighting
  3678 | D:3      | HP: 2/50 [orc/enchanted hand axe (8)]
  3699 | D:3      | HP: 2/50 [orc/enchanted hand axe (4)]
  4224 | D:3      | Reached XP level 6. HP: 50/58 MP: 3/8
  4228 | D:3      | Reached skill level 7 in Fighting
  4808 | D:4      | Noticed Eustachio
  5245 | D:4      | Reached skill level 8 in Fighting
  5292 | D:4      | Reached XP level 7. HP: 42/69 MP: 7/9
  5606 | D:4      | Killed from afar by an orc priest

Skill      XL: |  1  2  3  4  5  6 |
---------------+-------------------+-----
Fighting       | 1 3 4 5 6 8 |  8.6
Dodging        | |  1.5
Stealth        | |  1.5
Spellcasting   | |  1.5
Conjurations   | |  4.0

Action                   |  1- 3 |  4- 6 |  7- 9 || total
-------------------------+-------+-------+-------++-------
Melee: Whip              |    83 |   223 |    12 ||   318
       Unarmed           |     5 |       |       ||     5
 Cast: Magic Dart        |    54 |    31 |       ||    85
       Searing Ray       |     1 |     6 |       ||     7
Evoke: Wand              |       |     1 |       ||     1
  Use: Potion            |       |     2 |       ||     2
       Scroll            |       |    10 |     1 ||    11
 Stab: Sleeping          |     2 |       |       ||     2
  Eat: Chunk             |     4 |    10 |     1 ||    15
       Fruit             |       |     3 |       ||     3
Armor: Robe              |    24 |    34 |     2 ||    60
       Skin              |       |    34 |       ||    34
       Leather armour    |       |       |     3 ||     3
Dodge: Dodged            |    66 |   178 |    11 ||   255
